 Dungeon Crawl Stone Soup version 0.30.1-4-g462c640d31 (webtiles) character file.

Game seed: 12244491430319179799

43 Heoruswealwe the Shooter (level 3, 0/30 HPs)
             Began as a Demigod Hunter on Aug 10, 2023.
             Slain by a hobgoblin (2 damage)
             ... on level 2 of the Dungeon.
             The game lasted 00:06:55 (733 turns).

Heoruswealwe the Shooter (Demigod Hunter)            Turns: 733, Time: 00:06:57

Health: 0/30       AC:  3    Str: 12    XL:     3   Next: 20%
Magic:  5/5        EV: 12    Int: 11    God:
Gold:   21         SH:  0    Dex: 21    Spells: 2/2 levels left

rFire   . . .        a - +0 shortbow
rCold   . . .        (shield currently unavailable)
rNeg    . . .        c - +0 leather armour
rPois   .            (no helmet)
rElec   .            (no cloak)
rCorr   .            (no gloves)
SInv    .            (no boots)
Will    .....        (no amulet)
Stlth   ++           (no ring)
HPRegen 0.25/turn    (no ring)
MPRegen 0.09/turn

%: no passive effects
@: attractive
A: high MP 1, forlorn, divine attributes
a: no special abilities


You were on level 2 of the Dungeon.
You visited 1 branch of the dungeon, and saw 2 of its levels.

You collected 21 gold pieces.

Inventory:

Hand Weapons
 a - a +0 shortbow (weapon)
Armour
 c - a +0 leather armour (worn)
Scrolls
 b - a scroll of immolation
Potions
 e - a potion of heal wounds {unknown}


   Skills:
 + Level 2.7 Fighting
 + Level 4.2 Ranged Weapons
 - Level 1.7 Dodging
 - Level 0.8 Stealth


You had 2 spell levels left.
You didn't know any spells.
Your spell library was empty.

Dungeon Overview and Level Annotations

Branches:
Dungeon (2/15)


Innate Abilities, Weirdness & Mutations

You have an increased reservoir of magic. (+10% MP)
You shall have no god before yourself.
Your divine heritage dramatically boosts your attributes as you level up.


Message History

The hobgoblin hits you. The hobgoblin misses you.
The goblin closely misses you.
You shoot an arrow. The arrow barely misses the hobgoblin.
The hobgoblin barely misses you. The hobgoblin hits you.
The goblin barely misses you.
You shoot an arrow. The arrow hits the hobgoblin!
You kill the hobgoblin!
The hobgoblin closely misses you. The goblin hits you with a +0 club.
You shoot an arrow. The arrow misses the goblin.
The arrow completely misses the goblin.
The hobgoblin barely misses you. The goblin hits you with a +0 club.
The goblin closely misses you. The hobgoblin hits you.
You shoot an arrow. The arrow completely misses the goblin.
The arrow hits the goblin!
You kill the goblin!
The hobgoblin closely misses you.
You shoot an arrow. The arrow hits the goblin!
You kill the goblin!
The hobgoblin hits you.
You are too injured to fight recklessly!
You are too injured to fight recklessly!
Fire: a) +0 shortbow
Press: ? - help, Q - select action Shift-Dir - straight line, f - hobgoblin
Aim: a hobgoblin (65% to hit)
You shoot an arrow.
The arrow completely misses the hobgoblin.
The hobgoblin closely misses you. The hobgoblin hits you.
The hobgoblin hits you but does no damage.
The hobgoblin hits you.
* * * LOW HITPOINT WARNING * * *
The goblin hits you with a +0 club.
* * * LOW HITPOINT WARNING * * *
The hobgoblin barely misses you. The hobgoblin hits you.
* * * LOW HITPOINT WARNING * * *
There is an open door here.
Okay, then.
It was a potion of attraction.
You feel attractive to monsters. The hobgoblin hits you.
You die...

#.# #.# .######.#
.......[#
........#
..####..##
##.#####..(###
.............##
##.####..#@#..#
#.####.##g##.###
#......#gg.#...##
#.#..####)####..#
#.## .). ##.# #.#
'...' #.#
#.##.#...#.##.#
#..####'####..#
##...#$$$#...##


You could see 2 hobgoblins and a goblin.

Vanquished Creatures
  2 dart slugs (D:1)
  6 endoplasms (D:1)
  A giant cockroach (D:1)
  5 goblins
  8 hobgoblins
  3 kobolds (D:1)
  3 ball pythons (D:1)
  3 bats (D:1)
  A frilled lizard (D:1)
  2 rats (D:1)
34 creatures vanquished.

Notes
Turn   | Place    | Note
-------+----------+-------------------------------------------
     0 | D:1      | Heoruswealwe the Demigod Hunter began the quest for the
                  | Orb.
     0 | D:1      | Reached XP level 1. HP: 17/17 MP: 3/3
    97 | D:1      | Reached XP level 2. HP: 24/24 MP: 4/4
   286 | D:1      | Reached skill level 4 in Ranged Weapons
   720 | D:2      | Reached XP level 3. HP: 30/30 MP: 5/5
   733 | D:2      | Slain by a hobgoblin

Illustrated notes

Levels and vault maps discovered:
D:1:      scummos_arrival_simple_crosswalls, layout_basic,
          hellmonk_ecumenical_altar_defaced_shrine, minmay_shallow_snake_nest
D:2:      cheibrodos_greedy_goblins, layout_loops_corners

Skill      XL: |  1  2 |
---------------+-------+-----
Fighting       | 2 |  2.7
Ranged Weapons | 4 |  4.2
Dodging        | |  1.7
Stealth        | |  0.8

Action                     || total
---------------------------++-------
   Fire: Shortbow          ||    80
    Use: Potion            ||     1
 Armour: Leather armour    ||     4
  Dodge: Dodged            ||    28
